DTBL
VIRGINIA KINGS @ NEW YORK THUNDER CHOPPERS
09/28/2020
 
TOP OF THE 1ST
Virginia Kings batting - Pitching for New York Thunder Choppers : RHP Trevor Bauer
Pitching: RHP Trevor Bauer
Batting: SHB Jonathan Villar 0-0: Ball
1-0: Ball
2-0: Foul Ball, location: 2F
2-1: Foul Ball, location: 2F
2-2: Ball
3-2: Fly out, F8 (Flyball, 8RS, EV 87.5 MPH)
Batting: RHB Marcus Semien 0-0: Ball
1-0: SINGLE (Groundball, 6D, EV 98.8 MPH)
Batting: RHB Mookie Betts 0-0: Ball
1-0: Called Strike
Marcus Semien steals 2nd base
1-1: SINGLE (Flyball, 5D, EV 90.6 MPH)
Marcus Semien to third
Runner from 3rd tries for Home, SAFE, throw by LF to home
Batting: LHB Matt Olson 0-0: Called Strike
0-1: Ball
1-1: Ball
2-1: Foul Ball, location: 9LDF
2-2: Ball
3-2: Foul Ball, location: 2F
3-2: Foul Ball, location: 2LF
3-2: Foul Ball, location: 2F
3-2: Foul Ball, location: 7LMF
3-2: Fielders Choice at 2nd, 4-6 (Groundball, 4, EV 103.8 MPH)
Batting: RHB Carlos Correa 0-0: Ground out 4-3 (Groundball, 4, EV 86.3 MPH)
Top of the 1st over - 1 run, 2 hits, 0 errors, 1 left on base; Virginia 1 - New York 0
BOTTOM OF THE 1ST
New York Thunder Choppers batting - Pitching for Virginia Kings : RHP Zack Wheeler
Pitching: RHP Zack Wheeler
Batting: RHB Harrison Bader 0-0: Called Strike
0-1: Swinging Strike
0-2: Foul Ball, location: 2F
0-2: Ball
1-2: Ball
2-2: Strikes out swinging
Batting: RHB DJ LeMahieu 0-0: Foul Ball, location: 2F
0-1: Ball
1-1: Ball
2-1: Ball
3-1: SOLO HOME RUN (Flyball, 78XD, EV 104.4 MPH), Distance : 465 ft
Batting: LHB Anthony Rizzo 0-0: Ball
1-0: Swinging Strike
1-1: Foul Ball, location: 2F
1-2: Ball
2-2: SINGLE (Flyball, 7S, EV 95.0 MPH)
Batting: RHB Pete Alonso 0-0: Foul Ball, location: 2F
0-1: Foul Ball, location: 9LMF
0-2: Ball
1-2: Ball
2-2: Strikes out swinging
Batting: RHB Franmil Reyes 0-0: SINGLE (Groundball, 56D, EV 104.4 MPH)
Anthony Rizzo to second
Batting: RHB Andrew McCutchen 0-0: Fly out, F8 (Flyball, 8RD, EV 99.4 MPH)
Bottom of the 1st over - 1 run, 3 hits, 0 errors, 2 left on base; Virginia 1 - New York 1
TOP OF THE 2ND
Virginia Kings batting - Pitching for New York Thunder Choppers : RHP Trevor Bauer
Batting: LHB Mike Moustakas 0-0: SINGLE (Groundball, 34D, EV 102.5 MPH)
Batting: LHB David Dahl 0-0: Ball
1-0: Called Strike
1-1: Ball
2-1: Called Strike
2-2: Strikes out swinging
Batting: RHB Will Smith 0-0: Ball
1-0: Ball
2-0: Ball
3-0: Base on Balls
Mike Moustakas to second
Batting: LHB Max Kepler 0-0: Called Strike
0-1: Ball
1-1: Ball
2-1: Called Strike
2-2: Strikes out swinging
Batting: SHB Jonathan Villar 0-0: Ball
1-0: Ball
2-0: Foul Ball, location: 2F
2-1: Foul Ball, location: 3DF
2-2: Strikes out swinging
Top of the 2nd over - 0 runs, 1 hit, 0 errors, 2 left on base; Virginia 1 - New York 1
BOTTOM OF THE 2ND
New York Thunder Choppers batting - Pitching for Virginia Kings : RHP Zack Wheeler
Batting: LHB Omar Narvaez 0-0: Called Strike
0-1: SINGLE (Groundball, 34D, EV 96.3 MPH)
Batting: RHB Brian Anderson 0-0: Called Strike
0-1: Ball
1-1: Ball
2-1: Called Strike
2-2: Foul Ball, location: 2F
2-2: Foul Ball, location: 2F
2-2: 2-RUN HOME RUN (Flyball, 78XD, EV 98.1 MPH), Distance : 443 ft
Batting: RHB Willy Adames 0-0: Called Strike
0-1: Ball
1-1: Called Strike
1-2: Ball
2-2: Foul Ball, location: 9LDF
2-2: Fly out, F9 (Flyball, 9LS, EV 76.3 MPH)
Batting: RHB Harrison Bader 0-0: Fly out, F8 (Flyball, 8LM, EV 73.8 MPH)
Batting: RHB DJ LeMahieu 0-0: Foul Ball, location: 2F
0-1: Ball
1-1: Fly out, F9 (Flyball, 89S, EV 86.9 MPH)
Bottom of the 2nd over - 2 runs, 2 hits, 0 errors, 0 left on base; Virginia 1 - New York 3
TOP OF THE 3RD
Virginia Kings batting - Pitching for New York Thunder Choppers : RHP Trevor Bauer
Batting: RHB Marcus Semien 0-0: Called Strike
0-1: Ball
1-1: Swinging Strike
1-2: Foul Ball, location: 2F
1-2: Ball
2-2: Ball
3-2: Strikes out swinging
Batting: RHB Mookie Betts 0-0: Ball
1-0: Fly out, F8 (Flyball, 8LXD, EV 101.3 MPH)
Batting: LHB Matt Olson 0-0: Called Strike
0-1: Ball
1-1: Called Strike
1-2: Ball
2-2: SINGLE (Groundball, 56S, EV 66.3 MPH) (infield hit)
Batting: RHB Carlos Correa 0-0: Called Strike
0-1: Foul Ball, location: 9LDF
0-2: Foul Ball, location: 2F
0-2: Ball
1-2: Fly out, F7 (Flyball, 7S, EV 91.9 MPH)
Top of the 3rd over - 0 runs, 1 hit, 0 errors, 1 left on base; Virginia 1 - New York 3
BOTTOM OF THE 3RD
New York Thunder Choppers batting - Pitching for Virginia Kings : RHP Zack Wheeler
Batting: LHB Anthony Rizzo 0-0: DOUBLE (Line Drive, 89M, EV 105.6 MPH)
Batting: RHB Pete Alonso 0-0: Ground out U3 (Groundball, 3, EV 98.8 MPH)
Anthony Rizzo to third
Batting: RHB Franmil Reyes 0-0: Ground out 5-3 (Groundball, 56, EV 100.0 MPH)
Anthony Rizzo scores
Batting: RHB Andrew McCutchen 0-0: Swinging Strike
0-1: Ball
1-1: Swinging Strike
1-2: Strikes out swinging
Bottom of the 3rd over - 1 run, 1 hit, 0 errors, 0 left on base; Virginia 1 - New York 4
TOP OF THE 4TH
Virginia Kings batting - Pitching for New York Thunder Choppers : RHP Trevor Bauer
Batting: LHB Mike Moustakas 0-0: Called Strike
0-1: Ball
1-1: Foul Ball, location: 2F
1-2: Ball
2-2: Foul Ball, location: 2F
2-2: Strikes out swinging
Batting: LHB David Dahl 0-0: Foul Ball, location: 2F
0-1: Called Strike
0-2: Ground out U3 (Groundball, 34, EV 101.3 MPH)
Batting: RHB Will Smith 0-0: Ball
1-0: Ball
2-0: Foul Ball, location: 9LSF
2-1: Foul Ball, location: 9LSF
2-2: Ball
3-2: SINGLE (Groundball, 6MD, EV 108.1 MPH)
Batting: LHB Max Kepler 0-0: Ground out U3 (Groundball, 3, EV 86.3 MPH)
Top of the 4th over - 0 runs, 1 hit, 0 errors, 1 left on base; Virginia 1 - New York 4
BOTTOM OF THE 4TH
New York Thunder Choppers batting - Pitching for Virginia Kings : RHP Zack Wheeler
Pitching: RHP Will Harris
Batting: LHB Omar Narvaez 0-0: Fly out, F8 (Line Drive, 8LM, EV 108.1 MPH)
Batting: RHB Brian Anderson 0-0: Ball
1-0: Ball
2-0: Ball
3-0: Called Strike
3-1: SINGLE (Flyball, 5D, EV 93.1 MPH)
Batting: RHB Willy Adames 0-0: Ball
Brian Anderson steals 2nd base
1-0: Fly out, F3 (Popup, 23F, EV 93.8 MPH)
Batting: RHB Harrison Bader 0-0: Ball
1-0: Fly out, F6 (Popup, 6, EV 65.6 MPH)
Bottom of the 4th over - 0 runs, 1 hit, 0 errors, 1 left on base; Virginia 1 - New York 4
TOP OF THE 5TH
Virginia Kings batting - Pitching for New York Thunder Choppers : RHP Trevor Bauer
Batting: SHB Jonathan Villar 0-0: Swinging Strike
0-1: Ball
1-1: Called Strike
1-2: SOLO HOME RUN (Flyball, 89XD, EV 96.9 MPH), Distance : 418 ft
Batting: RHB Marcus Semien 0-0: Ground out 4-3 (Groundball, 4S, EV 71.9 MPH)
Batting: RHB Mookie Betts 0-0: Swinging Strike
0-1: Ball
1-1: Ball
2-1: Foul Ball, location: 2F
2-2: Foul Ball, location: 2F
2-2: Ball
3-2: Fly out, F8 (Flyball, 8RM, EV 90.0 MPH)
Batting: LHB Matt Olson 0-0: Called Strike
0-1: Foul Ball, location: 7LSF
0-2: SINGLE (Line Drive, 7S, EV 112.5 MPH)
Batting: RHB Carlos Correa 0-0: Called Strike
0-1: Ball
1-1: Swinging Strike
1-2: Ball
2-2: Ball
3-2: Strikes out swinging
Top of the 5th over - 1 run, 2 hits, 0 errors, 1 left on base; Virginia 2 - New York 4
BOTTOM OF THE 5TH
New York Thunder Choppers batting - Pitching for Virginia Kings : RHP Will Harris
Batting: RHB DJ LeMahieu 0-0: Called Strike
0-1: Ball
1-1: Fly out, F7 (Flyball, 7LS, EV 74.4 MPH)
Batting: LHB Anthony Rizzo 0-0: Ball
1-0: Foul Ball, location: 2F
1-1: Ball
2-1: Ball
3-1: Base on Balls
Batting: RHB Pete Alonso 0-0: Ball
1-0: Called Strike
1-1: Foul Ball, location: 2F
1-2: SINGLE (Flyball, 9LS, EV 100.6 MPH)
Anthony Rizzo to second
Runner from 2nd tries for 3rd, SAFE, throw by RF made to third
Batting: RHB Franmil Reyes 0-0: Ball
1-0: Foul Ball, location: 2F
1-1: Swinging Strike
1-2: Foul Ball, location: 7LMF
1-2: Strikes out looking
Pitching: RHP Ty Buttrey
Batting: RHB Andrew McCutchen 0-0: Called Strike
0-1: Fielders Choice at 2nd, 6-4 (Groundball, 6, EV 80.0 MPH)
Bottom of the 5th over - 0 runs, 1 hit, 0 errors, 2 left on base; Virginia 2 - New York 4
TOP OF THE 6TH
Virginia Kings batting - Pitching for New York Thunder Choppers : RHP Trevor Bauer
Pitching: RHP Mitch Keller
Batting: LHB Mike Moustakas 0-0: Ground out U3 (Groundball, 34, EV 105.6 MPH)
Batting: LHB David Dahl 0-0: Ball
1-0: Called Strike
1-1: Swinging Strike
1-2: Foul Ball, location: 2F
1-2: Foul Ball, location: 2F
1-2: Strikes out swinging
Batting: RHB Will Smith 0-0: Ball
1-0: Foul Ball, location: 2F
1-1: Ball
2-1: Ground out 5-3 (Groundball, 56S, EV 83.1 MPH)
Top of the 6th over - 0 runs, 0 hits, 0 errors, 0 left on base; Virginia 2 - New York 4
BOTTOM OF THE 6TH
New York Thunder Choppers batting - Pitching for Virginia Kings : RHP Ty Buttrey
Batting: LHB Omar Narvaez 0-0: Ball
1-0: Swinging Strike
1-1: Called Strike
1-2: SINGLE (Groundball, 4MD, EV 98.1 MPH)
Batting: RHB Brian Anderson 0-0: Called Strike
0-1: Called Strike
0-2: Foul Ball, location: 2F
0-2: Strikes out swinging
Batting: RHB Willy Adames 0-0: Called Strike
0-1: Foul Ball, location: 2F
0-2: Ball
1-2: Ball
2-2: Foul Ball, location: 2F
2-2: Foul Ball, location: 2F
2-2: Ball
3-2: Foul Ball, location: 2F
3-2: Base on Balls
Omar Narvaez to second
Batting: RHB Harrison Bader 0-0: Ball
1-0: Foul Ball, location: 2F
1-1: Foul Ball, location: 2F
1-2: Ball
2-2: Hit by Pitch
Omar Narvaez to third
Willy Adames to second
Pitching: RHP Mychal Givens
Batting: RHB DJ LeMahieu 0-0: Ball
1-0: Called Strike
1-1: Ball
2-1: Ball
3-1: Base on Balls
Omar Narvaez scores
Willy Adames to third
Harrison Bader to second
Batting: LHB Anthony Rizzo 0-0: Called Strike
0-1: Ball
1-1: Ball
2-1: Grounds into double play, 4-2-3 (Groundball, 4, EV 80.6 MPH)
Bottom of the 6th over - 1 run, 1 hit, 0 errors, 2 left on base; Virginia 2 - New York 5
TOP OF THE 7TH
Virginia Kings batting - Pitching for New York Thunder Choppers : RHP Mitch Keller
Batting: LHB Max Kepler 0-0: Called Strike
0-1: Called Strike
0-2: Ball
1-2: Ball
2-2: Foul Ball, location: 2F
2-2: SOLO HOME RUN (Flyball, 89XD, EV 95.0 MPH), Distance : 406 ft
Batting: SHB Jonathan Villar 0-0: Ball
1-0: Ground out 4-3 (Groundball, 4, EV 80.6 MPH)
Batting: RHB Marcus Semien 0-0: Ball
1-0: Ball
2-0: Fly out, F7 (Line Drive, 7LM, EV 102.5 MPH)
Batting: RHB Mookie Betts 0-0: Ball
1-0: Ball
2-0: Ball
3-0: Called Strike
3-1: Base on Balls
Pitching: RHP Joe Jimenez
Batting: LHB Matt Olson 0-0: Swinging Strike
0-1: Foul Ball, location: 2F
0-2: Ball
1-2: Strikes out swinging
Top of the 7th over - 1 run, 1 hit, 0 errors, 1 left on base; Virginia 3 - New York 5
BOTTOM OF THE 7TH
New York Thunder Choppers batting - Pitching for Virginia Kings : RHP Mychal Givens
Batting: RHB Pete Alonso 0-0: Ball
1-0: Called Strike
1-1: SINGLE (Line Drive, 78M, EV 105.0 MPH)
Batting: RHB Franmil Reyes 0-0: Called Strike
0-1: Ball
1-1: Called Strike
1-2: Strikes out looking
Batting: RHB Andrew McCutchen 0-0: Foul Ball, location: 2F
0-1: Ball
1-1: Called Strike
1-2: Fielders Choice at 2nd, 6-4 (Groundball, 6MD, EV 88.1 MPH)
Batting: LHB Omar Narvaez 0-0: Called Strike
0-1: Swinging Strike
0-2: Ball
1-2: Ball
2-2: SINGLE (Groundball, 34D, EV 96.3 MPH)
Andrew McCutchen to second
Runner from 2nd tries for 3rd, SAFE, throw by RF made to third
Pitching: RHP Luke Weaver
Batting: RHB Brian Anderson 0-0: Ball
1-0: SINGLE (Line Drive, 89M, EV 96.9 MPH)
Andrew McCutchen scores
Omar Narvaez to second
Runner from 2nd tries for 3rd, OUT! 9-5
Bottom of the 7th over - 1 run, 3 hits, 0 errors, 1 left on base; Virginia 3 - New York 6
TOP OF THE 8TH
Virginia Kings batting - Pitching for New York Thunder Choppers : RHP Joe Jimenez
Batting: RHB Carlos Correa 0-0: Called Strike
0-1: Ball
1-1: Called Strike
1-2: Ball
2-2: Strikes out looking
Batting: LHB Mike Moustakas 0-0: Ball
1-0: Ball
2-0: Ground out 1-3 (Groundball, 34S, EV 61.3 MPH)
Batting: LHB David Dahl 0-0: Swinging Strike
0-1: Fly out, F7 (Flyball, 7D, EV 107.5 MPH)
Top of the 8th over - 0 runs, 0 hits, 0 errors, 0 left on base; Virginia 3 - New York 6
BOTTOM OF THE 8TH
New York Thunder Choppers batting - Pitching for Virginia Kings : RHP Luke Weaver
Batting: RHB Willy Adames 0-0: Ball
1-0: Called Strike
1-1: Foul Ball, location: 2F
1-2: Ball
2-2: Ball
3-2: Strikes out looking
Batting: RHB Harrison Bader 0-0: Swinging Strike
0-1: Swinging Strike
0-2: Foul Ball, location: 5SF
0-2: Strikes out swinging
Batting: RHB DJ LeMahieu 0-0: SINGLE (Groundball, 56D, EV 103.1 MPH)
Batting: LHB Anthony Rizzo 0-0: Foul Ball, location: 3SF
0-1: Ball
1-1: Ball
2-1: Swinging Strike
2-2: Foul Ball, location: 2F
2-2: Ball
3-2: Base on Balls
DJ LeMahieu to second
Batting: RHB Pete Alonso 0-0: Swinging Strike
0-1: Foul Ball, location: 2F
0-2: Ground out 4-3 (Groundball, 34, EV 101.9 MPH)
Bottom of the 8th over - 0 runs, 1 hit, 0 errors, 2 left on base; Virginia 3 - New York 6
TOP OF THE 9TH
Virginia Kings batting - Pitching for New York Thunder Choppers : RHP Joe Jimenez
Pitching: RHP Ken Giles
Now in RF: Whit Merrifield
Batting: RHB Will Smith 0-0: Ball
1-0: Foul Ball, location: 2F
1-1: Ball
2-1: Ball
3-1: Base on Balls
Batting: LHB Max Kepler 0-0: Ball
1-0: Ball
2-0: Ball
3-0: Base on Balls
Will Smith to second
Batting: SHB Jonathan Villar 0-0: Swinging Strike
0-1: Ball
1-1: Foul Ball, location: 2F
1-2: Ball
2-2: Foul Ball, location: 2F
2-2: Strikes out swinging
Batting: RHB Marcus Semien 0-0: Ball
1-0: DOUBLE (Line Drive, 7LM, EV 89.4 MPH)
Will Smith scores
Max Kepler to third
Batting: RHB Mookie Betts 0-0: Called Strike
0-1: Foul Ball, location: 2F
0-2: Ball
1-2: Ball
2-2: Ground out 1-3 (Groundball, 23, EV 66.3 MPH)
Batting: LHB Matt Olson 0-0: Ball
1-0: Fly out, F7 (Line Drive, 7, EV 87.5 MPH)
Top of the 9th over - 1 run, 1 hit, 0 errors, 2 left on base; Virginia 4 - New York 6
Tuesday, July 14th, 2020 - OOTP Baseball 21.4 Build 63